 Dungeon Crawl Stone Soup version 0.32-a0-918-g0f22ef8d61 (webtiles) character file.

Game seed: 8573985721376227284

26926 jestert79 the Grappler (level 13, -4/89 HPs)
             Began as an Octopode Shapeshifter on Apr 10, 2024.
             Was the Champion of Cheibriados.
             Slain by a skyshark (28 damage)
             ... summoned by an orange crystal statue
             ... on level 3 of the Lair of Beasts.
             The game lasted 00:52:20 (16648 turns).

jestert79 the Grappler (Octopode Shapeshifter)     Turns: 16648, Time: 00:52:21

Health: -4/89      AC:  1    Str: 31    XL:     13   Next: 29%
Magic:  5/16       EV: 21    Int: 34    God:    Cheibriados [******]
Gold:   374        SH:  0    Dex: 28    Spells: 3/16 levels left

rFire   . .          .
                       - Unarmed
rCold   . . .        (shield currently unavailable)
rNeg    . . .        (helmet restricted)
rPois   .            C - amulet of the acrobat
rElec   .            f - +6 ring of intelligence
rCorr   .            F - +4 ring of slaying
SInv    .            M - ring of willpower
Will    +....        (no ring)
Stlth   ++++         (no ring)
HPRegen 0.34/turn    (no ring)
MPRegen 0.15/turn    (no ring)
                     (no ring)

%: acrobat
@: blade tentacles, very slow
A: almost no armour, amphibious, 8 rings, camouflage 1, gelatinous body 1,
(nimble swimmer 1), tentacles
a: Begin Untransformation, Renounce Religion, Bend Time, Temporal Distortion,
Slouch, Step From Time


You were on level 3 of the Lair of Beasts.
You worshipped Cheibriados.
Cheibriados was exalted by your worship.
You had blades for main tentacles.
You visited 2 branches of the dungeon, and saw 14 of its levels.

You collected 959 gold pieces.
You spent 585 gold pieces at shops.

Inventory:

Hand Weapons
 t - the +3 dagger "Sefeow" {spect, Will+}
   (You found it on level 3 of the Dungeon)

   Will+:     It increases your willpower.
 w - the +7 falchion of the Bear {holy, rC+ Str+3}
   (You found it on level 6 of the Dungeon)

   Str+3:     It affects your strength (+3).
   rC+:       It protects you from cold.
Missiles
 e - 4 atropa-tipped darts
 s - 30 poisoned darts (quivered)
 z - a throwing net
 B - 4 curare-tipped darts
Magical Staves
 j - a staff of alchemy
Jewellery
 f - a +6 ring of intelligence (left blade tentacle)
 C - an amulet of the acrobat (around mantle)
 F - a +4 ring of slaying (right blade tentacle)
 M - a ring of willpower (on tentacle)
Talismans
 b - a beast talisman
 c - a flux talisman
 q - a blade talisman (active)
Wands
 l - a wand of mindburst (20)
 u - a wand of iceblast (2)
 x - a wand of flame (9)
 y - a wand of digging (2)
 I - a wand of acid (2)
Scrolls
 d - 4 scrolls of enchant weapon
 i - 6 scrolls of teleportation
 k - 2 scrolls of amnesia
 m - 3 scrolls of fog
 n - 2 scrolls of poison
 A - 2 scrolls of vulnerability
 E - a scroll of butterflies
 G - a scroll of silence
 K - a scroll of torment
 L - a scroll of blinking
Potions
 a - 4 potions of lignification
 g - a potion of berserk rage
 h - 7 potions of curing
 o - a potion of enlightenment
 p - a potion of resistance
 r - 6 potions of attraction
 v - a potion of ambrosia
 H - a potion of magic
 J - a potion of brilliance
Miscellaneous
 D - a phantom mirror


   Skills:
 + Level 8.5 Fighting
 + Level 8.6 Dodging
 - Level 4.0 Stealth
 + Level 11.3 Unarmed Combat
 - Level 2.0 Spellcasting
 - Level 5.0 Conjurations
 - Level 7.5 Translocations
 - Level 2.0 Air Magic
 - Level 2.1 Alchemy
 + Level 11.1 Shapeshifting


You had 3 spell levels left.
You knew the following spells:

 Your Spells              Type           Power      Damage    Failure   Level
a - Call Canine Familiar  Summ           3%         N/A       19%         3
b - Maxwell's Portable P  Tloc           53%        2d(10-29) 1%          3
c - Iskenderun's Mystic   Conj/Tloc      46%        2d10      (+2d54%     4
d - Mephitic Cloud        Conj/Alch/Air  24%        N/A       5%          3

Your spell library contained the following spells:

 Spells                   Type           Power      Damage    Failure   Level
 Lesser Beckoning         Tloc           100%       N/A       1%          2
 Teleport Other           Tloc           53%        N/A       1%          3
 Volatile Blastmotes      Fire/Tloc      58%        2d14      3%          3
 Cigotuvi's Dreadful Rot  Necr/Alch/Air  24%        N/A       5%          2
 Summon Small Mammal      Summ           12%        N/A       6%          1
 Dazzling Flash           Conj/Hex       40%        N/A       6%          3
 Sigil of Binding         Hex            3%         N/A       19%         3
 Dimensional Bullseye     Hex/Tloc       14%        N/A       13%         4
 Fulminant Prism          Conj/Alch      13%        3d8       14%         4
 Ignite Poison            Fire/Alch      10%        N/A       36%         4
 Dispersal                Tloc           26%        N/A       38%         6
 Gell's Gavotte           Tloc           26%        2d(23-34) 38%         6
 Anguish                  Hex/Necr       1%         N/A       52%         4
 Cause Fear               Hex            1%         N/A       52%         4
 Dispel Undead            Necr           3%         3d7       52%         4
 Martyr's Knell           Necr/Summ      3%         N/A       52%         4
 Summon Blazeheart Golem  Fire/Summ      3%         N/A       52%         4
 Freezing Cloud           Conj/Ice/Air   9%         6-21      54%         5
 Silence                  Hex/Air        5%         N/A       73%         5
 Curse of Agony           Necr           3%         N/A       86%         5
 Enfeeble                 Hex            1%         N/A       100%        7


Dungeon Overview and Level Annotations

Branches:
Dungeon (10/15)            Temple (0/1) D:4            Lair (4/5) D:9
 Shoals (0/4) Lair:3        Snake (0/4) Lair:3        Slime (0/5) Lair:4
    Orc: D:9-12

Altars:
Cheibriados
Dithmenos
Elyvilon
Hepliaklqana
Makhleb
Nemelex Xobeh
Uskayaw
Wu Jian
Yredelemnul
Jiyva

Shops:
D:2 *   D:7 (

Annotations:
Lair:3 exclusion: orange crystal statue


Innate Abilities, Weirdness & Mutations

You have blades for main tentacles.
You are incapable of wielding weapons or throwing items.
You cannot wear most types of armour.
You are amphibious.
You can wear up to eight rings at the same time.
Your skin changes colour to match your surroundings (Stealth+).
Your rubbery body absorbs attacks. (AC +1, EV +1)
((You are camouflaged when in or above water. (Stealth+)))
You have tentacles for arms and can constrict up to eight enemies at once.


Message History

The bullfrog completely misses you.
You see here the amulet of Vitality {Regen++ RegenMP++}.
You slash the bullfrog! You grab the bullfrog.
The bullfrog is heavily wounded.
You constrict the bullfrog. The skyshark bites you!!
The skyshark tastes blood and grows stronger!
The skyshark completely misses you. The skyshark tail-slaps you.
The bullfrog misses you. The bullfrog completely misses you.
Unknown command.
You shred the bullfrog!!!
You kill the bullfrog!
The bullfrog's corpse dissolves into shadows!
The skyshark bites you!
The skyshark enters a blood-rage!
The skyshark closely misses you. The skyshark tail-slaps you.
The bullfrog closely misses you.
Unknown command.
The skyshark barely misses you. The skyshark closely misses you.
The skyshark misses you. The bullfrog hits you. The skyshark misses you.
The skyshark completely misses you. x2; The bullfrog completely misses you.
The orange crystal statue glitters.
You resist with almost no effort. The skyshark completely misses you.
The skyshark misses you. x2; The bullfrog completely misses you.
Unknown command.
The skyshark completely misses you. x3; The bullfrog completely misses you.
The skyshark completely misses you. x2; The skyshark closely misses you.
The bullfrog completely misses you. The skyshark barely misses you.
The skyshark completely misses you. The skyshark tail-slaps you!
Unknown command.
You slice the orange crystal statue!!
The orange crystal statue is heavily damaged.
The bullfrog hits you. The skyshark barely misses you.
The skyshark tail-slaps you.
* * * LOW HITPOINT WARNING * * *
The skyshark barely misses you.
Unknown command.
You hit the orange crystal statue.
The orange crystal statue is heavily damaged.
The bullfrog closely misses you. The skyshark bites you!!
You die...
Cheibriados appreciates the motionlessness of death.

#### ######
###[=###....#
#@F":.##....#
#I#F=}#......###
#.~≈~≈###......#
##≈~≈≈≈##
#......#
#≈≈≈≈≈##
#......#
##≈≈≈###
#......# #≈≈≈#
#.....## ##≈≈≈#
#.....# ###
#≈≈≈# #.....#
#.#


You could see a skyshark (summoned, berserk), an orange crystal statue and a
bullfrog (summoned).

Vanquished Creatures
  2 boulder beetles
  Sonja (Lair:2)
  Urug (Lair:3)
  Pikel (D:8)
  A lindwurm (Lair:3)
  4 elephants (Lair:4)
  6 black mambas
  A gargoyle (D:10)
  6 cane toads
  Maggie (D:7)
  3 rime drakes
  3 komodo dragons
  A polar bear (Lair:4)
  A troll (D:8)
  9 blink frogs
  3 shadows
  A wraith (D:10)
  2 wyverns
  50 yaks
  A naga (Lair:3)
  7 water moccasins
  An orc warrior (D:9)
  A sky beast (D:8)
  3 ice beasts
  3 black bears
  11 wolves
  5 centaurs
  2 phantoms
  2 kobold brigands
  4 lemures (D:8)
  16 bullfrogs
  3 scorpions
  4 wights
  9 killer bees
  6 electric eels
  3 howler monkeys
  2 bombardier beetles (D:6)
  5 jellies
  5 hounds
  2 gnoll boudas
  3 orc priests
  2 sleepcaps
  4 iguanas
  5 orc wizards
  19 gnolls
  9 adders
  11 river rats (D:6)
  2 white imps (D:6)
  An ufetubus (D:6)
  4 ribbon worms (D:4)
  3 dart slugs
  30 orcs
  6 ball pythons
  7 bats
  13 endoplasms
  5 giant cockroaches
  11 goblins
  11 hobgoblins
  3 jackals (D:1)
  17 kobolds
  9 quokkas
  A frilled lizard (D:2)
  25 rats
393 creatures vanquished.

Vanquished Creatures (others)
  A killer bee (D:9)
1 creature vanquished.

Grand Total: 394 creatures vanquished

Notes
Turn   | Place    | Note
-------+----------+-------------------------------------------
     0 | D:1      | jestert79 the Octopode Shapeshifter began the quest for the
                  | Orb.
     0 | D:1      | Reached XP level 1. HP: 13/13 MP: 1/1
    36 | D:1      | Reached XP level 2. HP: 18/18 MP: 2/2
   404 | D:1      | Reached XP level 3. HP: 23/23 MP: 3/3
   726 | D:2      | Found a snail-covered altar of Cheibriados.
   808 | D:2      | Became a worshipper of Cheibriados the Contemplative
   856 | D:2      | Found Winuer's General Store.
   880 | D:2      | Bought 3 scrolls of identify for 78 gold pieces
   960 | D:2      | Bought a scroll of teleportation for 39 gold pieces
  1172 | D:2      | Reached XP level 4. HP: 25/28 MP: 4/4
  1280 | D:2      | Reached skill level 1 in Stealth
  1324 | D:2      | Reached * piety under Cheibriados
  1699 | D:3      | Reached XP level 5. HP: 33/33 MP: 5/5
  1904 | D:3      | Found a faded altar of an unknown god.
  1912 | D:3      | Reached ** piety under Cheibriados
  1917 | D:3      | Identified the +3 dagger "Sefeow" {spect, Will+}
  2467 | D:4      | Reached XP level 6. HP: 30/38 MP: 6/6
  3055 | D:4      | Found a staircase to the Ecumenical Temple.
  3252 | D:5      | Entered Level 5 of the Dungeon
  3252 | D:5      | Noticed an ice beast
  3291 | D:5      | Noticed an ice beast
  3304 | D:5      | Killed an ice beast
  3305 | D:5      | Reached skill level 5 in Unarmed Combat
  3354 | D:5      | Killed an ice beast
  3355 | D:5      | Reached skill level 5 in Shapeshifting
  3355 | D:5      | Reached XP level 7. HP: 14/43 MP: 7/7
  3487 | D:5      | Reached *** piety under Cheibriados
  4131 | D:6      | Identified the +7 falchion of the Bear {holy, rC+ Str+3}
  4144 | D:6      | Reached XP level 8. HP: 44/48 MP: 8/8
  4552 | D:6      | Reached **** piety under Cheibriados
  4867 | D:6      | Found a hazy altar of Hepliaklqana.
  4894 | D:6      | Found a sparkling altar of Nemelex Xobeh.
  5052 | D:6      | Learned a level 3 spell: Call Canine Familiar
  5081 | D:6      | Reached XP level 9. HP: 46/54 MP: 9/9
  5095 | D:6      | Reached ***** piety under Cheibriados
  5228 | D:6      | Found a basalt altar of Yredelemnul.
  5284 | D:6      | Found a white marble altar of Elyvilon.
  5717 | D:7      | Noticed Maggie
  5833 | D:7      | Found Suasat's Antique Weapon Shoppe.
  6114 | D:7      | Found a shadowy altar of Dithmenos.
  6216 | D:7      | Killed Maggie
  6382 | D:7      | Found a hide-covered altar of Uskayaw.
  6613 | D:7      | Identified the +8 sling "Killer Bee's Peril" {heavy, Fly
                  | rC+ MP-9 Str+3}
  6835 | D:8      | Noticed a troll
  6845 | D:8      | Killed a troll
  6905 | D:8      | Reached XP level 10. HP: 65/65 MP: 10/10
  6996 | D:8      | Reached skill level 5 in Dodging
  7375 | D:8      | Noticed Pikel
  7380 | D:8      | Killed Pikel
  7381 | D:8      | Reached skill level 5 in Fighting
  7786 | D:8      | Learned a level 3 spell: Maxwell's Portable Piledriver
  7908 | D:9      | Reached skill level 1 in Translocations
  7912 | D:9      | Reached skill level 1 in Spellcasting
  8219 | D:9      | Found a staircase to the Lair.
  8954 | D:9      | Reached skill level 5 in Translocations
  9122 | D:9      | Reached ****** piety under Cheibriados
  9758 | D:10     | Entered Level 10 of the Dungeon
  9758 | D:10     | Found a burning altar of Makhleb.
  9826 | D:10     | Noticed a gargoyle
  9833 | D:10     | Killed a gargoyle
  9834 | D:10     | Reached XP level 11. HP: 40/72 MP: 14/14
 10274 | D:10     | Found an ornate altar of the Wu Jian Council.
 10762 | Lair:1   | Entered Level 1 of the Lair of Beasts
 10851 | Lair:1   | Reached skill level 10 in Unarmed Combat
 11162 | Lair:1   | Learned a level 4 spell: Iskenderun's Mystic Blast
 11217 | Lair:1   | Reached skill level 1 in Conjurations
 11355 | Lair:1   | Noticed a boulder beetle
 11374 | Lair:1   | Killed a boulder beetle
 11897 | D:2      | Bought a +4 ring of slaying for 468 gold pieces
 12325 | Lair:1   | Reached XP level 12. HP: 42/81 MP: 10/15
 12929 | Lair:2   | Noticed Sonja
 12945 | Lair:2   | Killed Sonja
 12946 | Lair:2   | Reached skill level 10 in Shapeshifting
 14024 | Lair:3   | Noticed Urug
 14037 | Lair:3   | Killed Urug
 14118 | Lair:3   | Found a staircase to the Shoals.
 14128 | Lair:3   | Found a staircase to the Snake Pit.
 14293 | Lair:3   | Learned a level 3 spell: Mephitic Cloud
 14587 | Lair:3   | Reached skill level 1 in Air Magic
 14587 | Lair:3   | Reached skill level 1 in Alchemy
 14857 | Lair:3   | Noticed a boulder beetle
 14867 | Lair:3   | Killed a boulder beetle
 15063 | Lair:4   | Reached skill level 5 in Conjurations
 15080 | Lair:4   | Reached XP level 13. HP: 70/88 MP: 16/16
 15692 | Lair:4   | Found a viscous altar of Jiyva.
 15693 | Lair:4   | Found a staircase to the Slime Pits.
 16637 | Lair:3   | Found the amulet of Vitality {Regen++ RegenMP++}
 16648 | Lair:3   | Slain by a skyshark

Illustrated notes

Levels and vault maps discovered:
D:1:      erik_arrival_cave_to_civilisation [erik_arrival_cave_to_hall],
          layout_rooms
D:2:      kennysheep_big_flooded_room, layout_rooms, basic_altar, serial_shops,
          nicolae_shop_window_shopping, minmay_quantized
D:3:      layout_basic, hellmonk_ecumenical_altar_arch_garden,
          chequers_serial_rivers_small_a
D:4:      layout_loops_ring, minmay_temple_entry_poolview,
          gup_sewer_entry_bubbles, hangedman_decor_slide_cut
D:5:      layout_rooms, hangedman_decor_riveting, corexii_shack
D:6:      lemuel_ratsnest, layout_loops_ring, kennysheep_ying_yang,
          jmf_multi_god_temple2, minmay_strange_pillars
D:7:      layout_cave_pools, mainiacjoe_overflow_chevrons, marbit_many_paths,
          serial_shops, shop, minmay_checkerbox, uniq_maggie
D:8:      layout_basic, uniq_pikel
D:9:      layout_basic
D:10:     layout_roguey, bloody_makhleb, nicolae_overflow_crystal_walls,
          patterned_corridor
Lair:1:   wander_river, layout_regular_city
Lair:2:   layout_roguey, lemuel_fruit_fields, serial_bayou_shore_a, uniq_sonja
Lair:3:   statuecave_lemuel, layout_cave_pods, elwin_shoals_entry_rocks,
          guppyfry_snake_entry_garden, uniq_urug
Lair:4:   layout_long_grid, nicolae_slime_entry_slimehenge,
          gauntlet_entry_generic

Skill      XL: |  1  2  3  4  5  6  7  8  9 10 11 12 13 |
---------------+----------------------------------------+-----
Unarmed Combat | 4 5 6 8 9 10 11 | 11.3
Stealth        | 2 3 4 |  4.0
Shapeshifting  | 4 5 6 7 8 9 10 11 | 11.1
Fighting       | 2 4 5 7 8 |  8.5
Dodging        | 4 5 7 8 |  8.6
Translocations | 5 6 7 |  7.5
Spellcasting   | 2 |  2.0
Conjurations   | 2 5 |  5.0
Air Magic      | 2 |  2.0
Alchemy        | 2 |  2.1

Action                     |  1- 3 |  4- 6 |  7- 9 | 10-12 | 13-15 || total
---------------------------+-------+-------+-------+-------+-------++-------
  Melee: Unarmed           |    65 |    97 |   229 |   408 |    71 ||   870
         Constrict         |    20 |    25 |    70 |    72 |     6 ||   193
         Tentacles         |    13 |    19 |    69 |   132 |    17 ||   250
         Punch             |     2 |     1 |     8 |     6 |     3 ||    20
  Throw: Dart              |       |     4 |    15 |       |       ||    19
   Cast: Maxwell's Portabl |       |       |       |     2 |       ||     2
         Iskenderun's Myst |       |       |       |     1 |       ||     1
         Mephitic Cloud    |       |       |       |       |     1 ||     1
  Evoke: Wand              |       |     1 |     1 |    31 |     3 ||    36
    Use: Scroll            |     3 |     5 |     6 |    13 |     2 ||    29
         Potion            |       |       |     1 |     6 |     1 ||     8
   Stab: Sleeping          |     2 |    13 |    10 |     2 |     2 ||    29
         Distracted        |     1 |       |     2 |     3 |       ||     6
 Armour: Skin              |    27 |    27 |    76 |   141 |    38 ||   309
  Dodge: Dodged            |    34 |    42 |   148 |   430 |   111 ||   765
   Form: Flux              |       |       |     1 |       |       ||     1
         Blade             |       |       |       |     1 |       ||     1

Table legend: (Time is in decaauts)
 A = Elapsed time spent in this place.
 B = Non-inter-level travel time spent in this place.
 C = Inter-level travel time spent in this place.
 D = Time resting spent in this place.
 E = Time spent auto-exploring this place.
 F = Levels seen in this place.
 G = Mean time per level.
                   A        B        C        D        E       F      G
               +--------+--------+--------+--------+--------+-----+--------+
         Total |  24617 |  22303 |   2314 |   4413 |  11525 |  14 | 1758.4 |
       Dungeon |  16081 |  14338 |   1743 |   2584 |   7579 |  10 | 1608.1 |
          Lair |   8536 |   7966 |    570 |   1829 |   3946 |   4 | 2134.0 |
               +--------+--------+--------+--------+--------+-----+--------+

Top non-repeatable levels by time:
     D:9: 2696 daAuts
  Lair:3: 2390 daAuts
     D:8: 2321 daAuts
  Lair:1: 2236 daAuts
  Lair:4: 2200 daAuts
     D:6: 2019 daAuts
     D:7: 1927 daAuts
     D:4: 1777 daAuts
  Lair:2: 1709 daAuts
    D:10: 1477 daAuts
     D:2: 1217 daAuts
     D:5: 1029 daAuts
     D:3: 892 daAuts
     D:1: 722 daAuts
